 Dungeon Crawl Stone Soup version 0.29.1-2-gbd0b4ee654 (webtiles) character file.

Game seed: 7828186581075340724

44 qeuew the Conjurer (level 3, 0/26 HPs)
             Began as a Draconian Conjurer on Nov 4, 2022.
             Was a Follower of the Shining One.
             Slain by a goblin
             ... wielding a +0 club
             ... led by Robin
              (3 damage)
             ... on level 2 of the Dungeon.
             The game lasted 00:02:12 (1445 turns).

qeuew the Conjurer (Draconian Conjurer)             Turns: 1445, Time: 00:02:12

Health: 0/26       AC:  6    Str: 11    XL:     3   Next: 41%
Magic:  3/6        EV: 12    Int: 18    God:    the Shining One [*.....]
Gold:   64         SH:  0    Dex:  9    Spells: 5/6 levels left

rFire   . . .      SeeInvis .   (no weapon)
rCold   . . .      Faith    .   (no shield)
rNeg    . . .      Spirit   .   (body armour unavailable)
rPois   .          Reflect  .   (helmet restricted)
rElec   .          Harm     .   (no cloak)
rCorr   .          Rampage  .   b - +0 pair of gloves
Will    .....                   (no boots)
Stlth   +.........              (no amulet)
HPRegen 0.08/turn               (no ring)
MPRegen 0.10/turn               (no ring)

@: glowing
A: AC +5, unfitting armour, cold-blooded
a: Renounce Religion, Divine Shield


You were on level 2 of the Dungeon.
You worshipped the Shining One.
The Shining One was aware of your devotion.
You visited 1 branch of the dungeon, and saw 2 of its levels.

You collected 64 gold pieces.

Inventory:

Armour
 b - a +0 pair of gloves (worn)
Scrolls
 d - a scroll of teleportation {unknown}
 e - a scroll of identify
Potions
 a - a potion of magic
 c - a potion of might


   Skills:
 * Level 2.3 Dodging
 - Level 1.7 Stealth
 + Level 0.4 Unarmed Combat
 * Level 2.4 Spellcasting
 + Level 4.5 Conjurations


You had 5 spell levels left.
You knew the following spells:

 Your Spells              Type           Power      Damage    Failure   Level
a - Magic Dart            Conj           72%        1d6       2%          1

Your spell library contained the following spells:

 Spells                   Type           Power      Damage    Failure   Level
 Searing Ray              Conj           36%        2d5       4%          2
 Dazzling Flash           Conj/Hex       20%        N/A       21%         3
 Gell's Gravitas          Tloc           2%         N/A       45%         3
 Teleport Other           Tloc           2%         N/A       45%         3
 Fulminant Prism          Conj/Hex       5%         3d7       56%         4
 Iskenderun's Mystic Bla  Conj/Tloc      10%        2d4       56%         4
 Dispersal                Tloc           1%         N/A       100%        6


Dungeon Overview and Level Annotations

Branches:
Dungeon (2/15)

Altars:
The Shining One

Annotations:
D:2 Robin


Innate Abilities, Weirdness & Mutations

Your plain brown scales are hard. (AC +5)
You cannot fit into any form of body armour.
You are cold-blooded and may be slowed by cold attacks.


Message History

You are too injured to fight recklessly!
You are too injured to fight recklessly!
You barely miss Robin.
Robin is lightly wounded.
Robin barely misses you. The goblin closely misses you.
The goblin hits you with a +0 dagger.
You hit Robin.
Robin is lightly wounded.
Robin hits you but does no damage. The goblin closely misses you. x2
You hit Robin but do no damage.
Robin is lightly wounded.
Robin hits you with a +0 short sword of protection.
* * * LOW HITPOINT WARNING * * *
The goblin hits you with a +0 club.
* * * LOW HITPOINT WARNING * * *
The goblin closely misses you.
You hit Robin but do no damage. You tail-slap Robin.
Robin is moderately wounded.
Robin roars a battlecry!
The goblins go into a battle-frenzy!
The goblin hits you but does no damage. The goblin hits you with a +0 club.
The Shining One protects you from harm!
You hit Robin but do no damage.
Robin is moderately wounded.
Robin hits you with a +0 short sword of protection.
* * * LOW HITPOINT WARNING * * *
The goblin closely misses you. The goblin barely misses you.
You hit Robin but do no damage.
Your tail-slap misses Robin.
Robin is moderately wounded.
Robin closely misses you. The goblin completely misses you.
The goblin misses you.
You hit Robin.
Robin is moderately wounded.
Robin barely misses you. The goblin closely misses you.
The goblin hits you but does no damage.
You hit Robin but do no damage. You tail-slap Robin, but do no damage.
Robin is moderately wounded.
Robin closely misses you. The goblin misses you.
The goblin hits you with a +0 club.
You die...

## #. #†
#) #. #.
##g##
##.†@##
##(.)gg##
#.......#
#.......#
...
#.[.....#
.##.
##......#
####. #.
##...#.#
##.... #.
#####.#
###...##
#. #.#
#....#.#
#.


You could see Robin and 2 goblins.

Vanquished Creatures
  3 ball pythons (D:1)
  3 endoplasms
  2 giant cockroaches (D:1)
  4 hobgoblins
  6 jackals (D:1)
  5 kobolds
  A quokka (D:1)
  2 bats (D:1)
  5 frilled lizards (D:1)
  5 goblins
  4 rats (D:1)
40 creatures vanquished.

Notes
Turn   | Place    | Note
-------+----------+-------------------------------------------
     0 | D:1      | qeuew the Draconian Conjurer began the quest for the Orb.
     0 | D:1      | Reached XP level 1. HP: 14/14 MP: 3/3
   180 | D:1      | Found a faded altar of an unknown god.
   258 | D:1      | Reached XP level 2. HP: 20/20 MP: 1/5
   360 | D:1      | Prayed at the altar of an unknown god.
   360 | D:1      | Became a worshipper of the Shining One
   360 | D:1      | Reached * piety under the Shining One
   935 | D:1      | Reached XP level 3. HP: 24/26 MP: 1/6
  1416 | D:2      | Noticed Robin
  1441 | D:2      | The Shining One protects you from harm!
  1445 | D:2      | Slain by a goblin

Illustrated notes

Levels and vault maps discovered:
D:1:      minmay_arrival_four_circles, layout_loops_ring,
          hellmonk_ecumenical_altar_run_dry
D:2:      layout_loops_ring, serial_shops, shop, bh_walls_and_bars,
          uniq_natasha, uniq_sigmund, uniq_robin

Skill      XL: |  1  2 |
---------------+-------+-----
Dodging        | 2 |  2.3
Stealth        | |  1.7
Unarmed Combat | |  0.4
Spellcasting   | |  2.4
Conjurations   | |  4.5

Action                   || total
-------------------------++-------
Melee: Unarmed           ||   107
       Tailslap          ||    12
       Punch             ||     1
 Cast: Magic Dart        ||    58
  Use: Scroll            ||     3
       Potion            ||     1
Armor: Skin              ||    66
Dodge: Dodged            ||   133
